BSA
POCATELLO BOCCABELLAS @ ST. LOUIS BROWNS
08/11/2024
 
TOP OF THE 1ST
Pocatello Boccabellas batting - Pitching for St. Louis Browns : RHP Mang Tow
Pitching: RHP Mang Tow
Batting: RHB José Delgado 0-0: Ball
1-0: Foul Ball, location: 2F
1-1: Foul Ball, location: 2F
1-2: Fly out, F7 (Flyball, 7LD)
Batting: RHB Marlon Phipps 0-0: Ball
1-0: Swinging Strike
1-1: Foul Ball, location: 2F
1-2: Strikes out swinging
Batting: LHB Juan Cortés 0-0: Ball
1-0: Ground out 6-3 (Groundball, 6)
Top of the 1st over - 0 run(s), 0 hit(s), 0 error(s), 0 left on base; Pocatello 0 - St. Louis 0
BOTTOM OF THE 1ST
St. Louis Browns batting - Pitching for Pocatello Boccabellas : RHP José Rojas
Pitching: RHP José Rojas
Batting: LHB Joe Sanders 0-0: Called Strike
0-1: Ground out 4-3 (Groundball, 4M)
Batting: LHB Héctor Núñez 0-0: Called Strike
0-1: Called Strike
0-2: Foul Ball, location: 2F
0-2: Ball
1-2: Foul Ball, location: 2F
1-2: Ball
2-2: Ball
3-2: Foul Ball, location: 2F
3-2: Base on Balls
Batting: LHB Mike Hill 0-0: Foul Ball, location: 2F
0-1: Ball
1-1: Foul Ball, location: 2F
1-2: Foul Ball, location: 2F
1-2: Ball
2-2: Foul Ball, location: 2F
2-2: Foul Ball, location: 2F
2-2: SINGLE (Line Drive, 34D)
Héctor Núñez to second
Batting: LHB Mario García 0-0: Ball
1-0: Ball
2-0: Ball
3-0: Grounds out, U3 (Groundball, 3L)
Héctor Núñez to third
Batting: LHB Jorge Torres 0-0: Swinging Strike
0-1: Swinging Strike
0-2: Ball
1-2: Ball
2-2: Foul Ball, location: 2F
2-2: Ball
3-2: SINGLE (Flyball, 9LM)
Héctor Núñez scores
Mike Hill to third
Mike Hill scores
Batting: LHB Stan Hickman 0-0: Swinging Strike
0-1: Fielders Choice at 2nd, U4 (Groundball, 4M)
Bottom of the 1st over - 2 run(s), 2 hit(s), 0 error(s), 1 left on base; Pocatello 0 - St. Louis 2
TOP OF THE 2ND
Pocatello Boccabellas batting - Pitching for St. Louis Browns : RHP Mang Tow
Batting: RHB Francisco Sandoval 0-0: Called Strike
0-1: Foul Ball, location: 2F
0-2: Foul Ball, location: 2F
0-2: Ball
1-2: Ground out 1-3 (Groundball, 15)
Batting: RHB Sugita Ito 0-0: Called Strike
0-1: Ball
1-1: Ball
2-1: Ball
3-1: Called Strike
3-2: Foul Ball, location: 2F
3-2: Strikes out looking
Batting: LHB David Monahan 0-0: Called Strike
0-1: Swinging Strike
0-2: Ball
1-2: Foul Ball, location: 2F
1-2: Fly out, F7 (Flyball, 78M)
Top of the 2nd over - 0 run(s), 0 hit(s), 0 error(s), 0 left on base; Pocatello 0 - St. Louis 2
BOTTOM OF THE 2ND
St. Louis Browns batting - Pitching for Pocatello Boccabellas : RHP José Rojas
Batting: RHB Will Brown 0-0: Ball
1-0: Foul Ball, location: 2F
1-1: Ball
2-1: Ball
3-1: Called Strike
3-2: Foul Ball, location: 2F
3-2: Foul Ball, location: 2F
3-2: SINGLE (Line Drive, 6MD)
Batting: LHB Víctor Hernández 0-0: Fly out, F7 (Flyball, 78D)
Batting: RHB Mario Rosales 0-0: Ball
1-0: Swinging Strike
1-1: Swinging Strike
1-2: Fielders Choice at 2nd, 2-6 (Groundball, 2R)
Batting: LHB Joe Sanders 0-0: Ball
1-0: Ball
2-0: Foul Ball, location: 2F
2-1: Foul Ball, location: 2F
2-2: Fly out, F7 (Flyball, 78M)
Bottom of the 2nd over - 0 run(s), 1 hit(s), 0 error(s), 1 left on base; Pocatello 0 - St. Louis 2
TOP OF THE 3RD
Pocatello Boccabellas batting - Pitching for St. Louis Browns : RHP Mang Tow
Batting: RHB Keith Kirkpatrick 0-0: Ball
1-0: SINGLE (Line Drive, 89S)
Batting: RHB Pete Harvey 0-0: Ball
1-0: SINGLE (Groundball, 6)
Keith Kirkpatrick to second
Batting: SHB Guillermo Ortíz 0-0: Ball
1-0: Fly out, F6 (Line Drive, 6)
Batting: RHB José Delgado 0-0: Grounds out, U3 (Groundball, 3L)
Keith Kirkpatrick to third
Batting: RHB Marlon Phipps 0-0: Foul Ball, location: 2F
0-1: Foul Ball, location: 2F
0-2: Foul Ball, location: 2F
0-2: Foul Ball, location: 2F
0-2: SINGLE (Flyball, 9S)
Keith Kirkpatrick scores
Pete Harvey to third
Runner from 3rd tries for Home, SAFE, no throw or cutoff
Batting: LHB Juan Cortés 0-0: Ball
1-0: Foul Ball, location: 2F
1-1: Ball
2-1: Fly out, F7 (Flyball, 78XD)
Top of the 3rd over - 2 run(s), 3 hit(s), 0 error(s), 1 left on base; Pocatello 2 - St. Louis 2
BOTTOM OF THE 3RD
St. Louis Browns batting - Pitching for Pocatello Boccabellas : RHP José Rojas
Batting: LHB Héctor Núñez 0-0: Called Strike
0-1: Ball
1-1: Called Strike
1-2: Ball
2-2: Fly out, F7 (Flyball, 7LM)
Batting: LHB Mike Hill 0-0: Ball
1-0: Ball
2-0: Ball
3-0: Called Strike
3-1: Base on Balls
Batting: LHB Mario García 0-0: Called Strike
0-1: Ball
1-1: Ground out 4-3 (Groundball, 4M)
Mike Hill to second
Batting: LHB Jorge Torres 0-0: Ball
1-0: Called Strike
1-1: Foul Ball, location: 2F
1-2: Ground out 4-3 (Groundball, 4)
Bottom of the 3rd over - 0 run(s), 0 hit(s), 0 error(s), 1 left on base; Pocatello 2 - St. Louis 2
TOP OF THE 4TH
Pocatello Boccabellas batting - Pitching for St. Louis Browns : RHP Mang Tow
Batting: RHB Francisco Sandoval 0-0: Ball
1-0: Foul Ball, location: 2F
1-1: Ball
2-1: Ball
3-1: SINGLE (Groundball, 6MD) (infield hit)
Batting: RHB Sugita Ito Pickoff Throw to First - Out!
0-0: Foul Ball, location: 2F
0-1: Ball
1-1: Foul Ball, location: 2F
1-2: Ball
2-2: Fly out, F9 (Flyball, 89M)
Batting: LHB David Monahan 0-0: Ball
1-0: Ball
2-0: Ball
3-0: Called Strike
3-1: Ground out 6-3 (Groundball, 6M)
Top of the 4th over - 0 run(s), 1 hit(s), 0 error(s), 0 left on base; Pocatello 2 - St. Louis 2
BOTTOM OF THE 4TH
St. Louis Browns batting - Pitching for Pocatello Boccabellas : RHP José Rojas
Batting: LHB Stan Hickman 0-0: Fly out, F9 (Flyball, 89S)
Batting: RHB Will Brown 0-0: Ball
1-0: Called Strike
1-1: Called Strike
1-2: SINGLE (Line Drive, 4D)
Batting: LHB Víctor Hernández 0-0: Ball
1-0: Swinging Strike
1-1: Foul Ball, location: 2F
1-2: Foul Ball, location: 2F
1-2: Ball
2-2: Foul Ball, location: 2F
2-2: Foul Ball, location: 2F
2-2: Ball
3-2: Fly out, F7 (Flyball, 7D)
Batting: RHB Mario Rosales 0-0: Ball
1-0: Fly out, F8 (Line Drive, 8RD)
Bottom of the 4th over - 0 run(s), 1 hit(s), 0 error(s), 1 left on base; Pocatello 2 - St. Louis 2
TOP OF THE 5TH
Pocatello Boccabellas batting - Pitching for St. Louis Browns : RHP Mang Tow
Batting: RHB Keith Kirkpatrick 0-0: Called Strike
0-1: Foul Ball, location: 2F
0-2: Strikes out swinging
Batting: RHB Pete Harvey 0-0: Foul Ball, location: 2F
0-1: Called Strike
0-2: Ball
1-2: Ball
2-2: Strikes out looking
Batting: SHB Guillermo Ortíz 0-0: Ball
1-0: SINGLE (Groundball, 34D)
Batting: RHB José Delgado 0-0: Reached on error, E5 (Groundball, 5S)
Guillermo Ortíz to second
Batting: RHB Marlon Phipps 0-0: Foul Ball, location: 2F
0-1: Ball
1-1: Swinging Strike
1-2: Strikes out swinging
Top of the 5th over - 0 run(s), 1 hit(s), 1 error(s), 2 left on base; Pocatello 2 - St. Louis 2
BOTTOM OF THE 5TH
St. Louis Browns batting - Pitching for Pocatello Boccabellas : RHP José Rojas
Batting: LHB Joe Sanders 0-0: Ball
1-0: Ball
2-0: Ball
3-0: Base on Balls
Batting: LHB Héctor Núñez 0-0: Swinging Strike
0-1: Called Strike
0-2: Foul Ball, location: 2F
0-2: Strikes out swinging
Batting: LHB Mike Hill 0-0: Ball
1-0: Ball
2-0: Fielders Choice at 2nd, 3-6 (Groundball, 3)
Batting: LHB Mario García 0-0: Ball
1-0: Called Strike
1-1: Ball
2-1: Ball
3-1: Base on Balls
Mike Hill to second
Batting: LHB Jorge Torres 0-0: Ball
1-0: Ball
2-0: Called Strike
2-1: Swinging Strike
2-2: Ground out 4-3 (Groundball, 34)
Bottom of the 5th over - 0 run(s), 0 hit(s), 0 error(s), 2 left on base; Pocatello 2 - St. Louis 2
TOP OF THE 6TH
Pocatello Boccabellas batting - Pitching for St. Louis Browns : RHP Mang Tow
Batting: LHB Juan Cortés 0-0: Called Strike
0-1: Ball
1-1: Ground out 6-3 (Groundball, 6)
Batting: RHB Francisco Sandoval 0-0: Ball
1-0: Foul Ball, location: 2F
1-1: Foul Ball, location: 2F
1-2: Ground out 4-3 (Groundball, 4)
Batting: RHB Sugita Ito 0-0: Ground out U3 (Groundball, 3S)
Top of the 6th over - 0 run(s), 0 hit(s), 0 error(s), 0 left on base; Pocatello 2 - St. Louis 2
BOTTOM OF THE 6TH
St. Louis Browns batting - Pitching for Pocatello Boccabellas : RHP José Rojas
Pitching: RHP César Martínez
Batting: LHB Stan Hickman 0-0: Foul Ball, location: 2F
0-1: Fly out, F8 (Flyball, 8RM)
Batting: RHB Will Brown 0-0: Ground out 1-3 (Groundball, 13S)
Batting: LHB Víctor Hernández 0-0: Called Strike
0-1: Ball
1-1: Called Strike
1-2: Ball
2-2: Ball
3-2: Strikes out looking
Bottom of the 6th over - 0 run(s), 0 hit(s), 0 error(s), 0 left on base; Pocatello 2 - St. Louis 2
TOP OF THE 7TH
Pocatello Boccabellas batting - Pitching for St. Louis Browns : RHP Mang Tow
Batting: LHB David Monahan 0-0: Ball
1-0: Called Strike
1-1: Foul Ball, location: 2F
1-2: Strikes out swinging
Batting: RHB Keith Kirkpatrick 0-0: Ball
1-0: Foul Ball, location: 2F
1-1: Called Strike
1-2: Foul Ball, location: 2F
1-2: Foul Ball, location: 2F
1-2: Fly out, F8 (Flyball, 8RM)
Batting: RHB Pete Harvey 0-0: Foul Ball, location: 2F
0-1: Ball
1-1: Fly out, F9 (Flyball, 89M)
Top of the 7th over - 0 run(s), 0 hit(s), 0 error(s), 0 left on base; Pocatello 2 - St. Louis 2
BOTTOM OF THE 7TH
St. Louis Browns batting - Pitching for Pocatello Boccabellas : RHP César Martínez
Batting: RHB Mario Rosales 0-0: Ball
1-0: Ball
2-0: Ball
3-0: Called Strike
3-1: Called Strike
3-2: SINGLE (Line Drive, 9S)
Batting: LHB Joe Sanders 0-0: Ball
1-0: Bunted foul
1-1: Ball
2-1: Bunt missed!
2-2: Ball
3-2: Ground out U3 (Groundball, 3L)
Mario Rosales to second
Batting: LHB Héctor Núñez 0-0: Ball
1-0: Called Strike
1-1: Foul Ball, location: 2F
1-2: Ball
2-2: SINGLE (Groundball, 34D)
Mario Rosales to third
Runner from 3rd tries for Home, SAFE, no throw or cutoff
Batting: LHB Mike Hill 0-0: Ball
1-0: Swinging Strike
1-1: Ball
2-1: Ball
3-1: Base on Balls
Héctor Núñez to second
Batting: LHB Mario García 0-0: Ball
1-0: Fly out, F8 (Flyball, 8RD)
Batting: LHB Jorge Torres 0-0: Ball
1-0: Fly out, F8 (Flyball, 8RM)
Bottom of the 7th over - 1 run(s), 2 hit(s), 0 error(s), 2 left on base; Pocatello 2 - St. Louis 3
TOP OF THE 8TH
Pocatello Boccabellas batting - Pitching for St. Louis Browns : RHP Mang Tow
Pitching: RHP Beau Brown
Batting: SHB Guillermo Ortíz 0-0: Called Strike
0-1: Fly out, F5 (Popup, 5L)
Batting: RHB José Delgado 0-0: Called Strike
0-1: Fly out, F6 (Popup, 7S)
Batting: RHB Marlon Phipps 0-0: Called Strike
0-1: Foul Ball, location: 2F
0-2: Ball
1-2: Ball
2-2: Ball
3-2: Strikes out swinging
Top of the 8th over - 0 run(s), 0 hit(s), 0 error(s), 0 left on base; Pocatello 2 - St. Louis 3
BOTTOM OF THE 8TH
St. Louis Browns batting - Pitching for Pocatello Boccabellas : RHP César Martínez
Pitching: RHP Bill Lowe
Batting: LHB Stan Hickman 0-0: Foul Ball, location: 2F
0-1: Called Strike
0-2: Strikes out swinging
Batting: RHB Will Brown 0-0: Swinging Strike
0-1: Ball
1-1: Ball
2-1: Called Strike
2-2: Foul Ball, location: 2F
2-2: Strikes out swinging
Batting: LHB Víctor Hernández 0-0: Ball
1-0: Called Strike
1-1: Ball
2-1: SINGLE (Groundball, 34D)
Batting: RHB Mario Rosales 0-0: Called Strike
0-1: Ground out 1-3 (Groundball, 15)
Bottom of the 8th over - 0 run(s), 1 hit(s), 0 error(s), 1 left on base; Pocatello 2 - St. Louis 3
TOP OF THE 9TH
Pocatello Boccabellas batting - Pitching for St. Louis Browns : RHP Beau Brown
Pitching: LHP Brent Miller
Batting: LHB Juan Cortés 0-0: Called Strike
0-1: Called Strike
0-2: Ball
1-2: Strikes out looking
Batting: RHB Francisco Sandoval 0-0: Ball
1-0: Ball
2-0: Ball
3-0: Base on Balls
Batting: RHB Sugita Ito 0-0: Called Strike
0-1: Called Strike
0-2: Fielders Choice at 2nd, 1-4 (Groundball, 13)
Pinch Hitting: RHB Pedro Guzmán 0-0: Foul Ball, location: 2F
0-1: Called Strike
0-2: Ball
1-2: Strikes out swinging
Top of the 9th over - 0 run(s), 0 hit(s), 0 error(s), 1 left on base; Pocatello 2 - St. Louis 3
This league is powered by Out of the Park Baseball, the baseball management simulation game for PC, Mac and Linux
Saturday, April 9th, 2016 - OOTP Baseball 16.8 Build 38